 Dungeon Crawl Stone Soup version 0.31.0-2-g5a2aebc5c2 (webtiles) character file.

Game seed: 13441886232524643581

3611 apoch the Cleaver (level 10, -4/93 HPs)
             Began as a Hill Orc Fighter on Jan 20, 2024.
             Was a Follower of Qazlal.
             Slain by a hornet (7 damage)
             ... on level 8 of the Dungeon.
             The game lasted 00:16:36 (7672 turns).

apoch the Cleaver (Hill Orc Fighter)                Turns: 7672, Time: 00:16:36

Health: -4/93      AC: 14    Str: 24    XL:     10   Next: 11%
Magic:  15/15      EV:  8    Int:  8    God:    Qazlal [*.....]
Gold:   429        SH:  6    Dex: 10    Spells: 9/9 levels left

rFire   . . .        a - +1 war axe
rCold   + . .        c - +0 buckler
rNeg    + . .        n - +1 chain mail
rPois   .            (no helmet)
rElec   +            K - +0 cloak
rCorr   .            o - +1 pair of gloves "Isabef" {+Blink rElec}
SInv    .            (no boots)
Will    .....        (no amulet) Stlth
                     m - ring of protection from cold
HPRegen 0.35/turn    I - ring of positive energy
MPRegen 0.14/turn

%: no passive effects
@: lethally poisoned (-4 -> -11), slowed, very slow
A: no striking features
a: Renounce Religion, Evoke Blink


You were on level 8 of the Dungeon.
You worshipped Qazlal.
Qazlal was aware of your devotion.
You visited 2 branches of the dungeon, and saw 9 of its levels.

You collected 429 gold pieces.

Inventory:

Hand Weapons
 a - a +1 war axe (weapon)
 s - a +0 flail
 x - the +7 staff of the Meek {protect, meekguard}
   (You found it on level 3 of the Dungeon)
Missiles
 u - 15 poisoned darts
 A - 42 stones
Armour
 c - a +0 buckler (worn)
 n - a +1 chain mail (worn)
 o - the +1 pair of gloves "Isabef" (worn) {+Blink rElec}
   (You found it on level 2 of the Dungeon)

   rElec:     It insulates you from electricity.
   +Blink:    It lets you blink.
 K - a +0 cloak (worn)
Jewellery
 b - an amulet of the acrobat
 m - a ring of protection from cold (left hand)
 q - a ring of ice
 v - a ring of flight
 G - a +6 ring of dexterity
 I - a ring of positive energy (right hand)
Wands
 k - a wand of light (12)
 l - a wand of charming (10)
 y - a wand of mindburst (41)
Scrolls
 d - 2 scrolls of enchant armour
 f - 2 scrolls of silence
 j - a scroll of vulnerability
 p - 5 scrolls of enchant weapon
 r - 2 scrolls of amnesia
 z - a scroll of summoning {unknown}
 C - 3 scrolls of poison
 F - 4 scrolls of teleportation
Potions
 e - 2 potions of ambrosia
 g - a potion of berserk rage
 h - 2 potions of lignification
 i - 2 potions of degeneration
 w - a potion of invisibility
 D - a potion of mutation
 E - 2 potions of attraction


   Skills:
 - Level 10.0 Fighting
 - Level 12.9 Axes
 + Level 5.1 Armour
 - Level 3.2 Shields
 + Level 7.3 Invocations


You had 9 spell levels left.
You didn't know any spells.
Your spell library contained the following spells:

 Spells                   Type           Power      Damage    Failure   Level
 Apportation              Tloc           0%         N/A       95%         1
 Shock                    Conj/Air       0%         1d3       95%         1
 Slow                     Hex            0%         N/A       95%         1
 Summon Small Mammal      Summ           0%         N/A       95%         1
 Blink                    Tloc           0%         N/A       99%         2
 Jinxbite                 Hex            0%         N/A       99%         2
 Lesser Beckoning         Tloc           0%         N/A       99%         2
 Momentum Strike          Conj/Tloc      0%         3d8       99%         2
 Call Canine Familiar     Summ           0%         N/A       100%        3
 Confusing Touch          Hex            0%         N/A       100%        3
 Sigil of Binding         Hex            0%         N/A       100%        3
 Swiftness                Air            0%         N/A       100%        3
 Vampiric Draining        Necr           0%         2d6       100%        3
 Airstrike                Air            0%         2d(0-16)  100%        4
 Summon Blazeheart Golem  Fire/Summ      0%         N/A       100%        4
 Alistair's Intoxication  Alch           0%         N/A       100%        5


Dungeon Overview and Level Annotations

Branches:
Dungeon (8/15)             Temple (1/1) D:7
   Lair: D:8-11

Altars:
Ashenzari
Cheibriados
Dithmenos
Gozag
Hepliaklqana
Makhleb
Nemelex Xobeh
Qazlal
Ru
Sif Muna
Trog
Uskayaw
Vehumet
Wu Jian
Xom
Yredelemnul
Zin
The Shining One
Beogh

Shops:
D:2 :


Message History

You feel sick. The hornet closely misses you.
The hornet stings you but does no damage.
You hit the hornet but do no damage.
The hornet is moderately wounded.
You feel sick. The hornet stings you!
* * * LOW HITPOINT WARNING * * *
You feel yourself slow down.
You miss the hornet.
The hornet is moderately wounded.
You feel sick. You block the hornet's attack. The hornet stings you.
* * * LOW HITPOINT WARNING * * *
You suddenly lose the ability to move!
You feel sick.
The hornet stings you but does no damage.
You feel yourself speed up.
You feel sick. The hornet barely misses you. The hornet stings you.
* * * LOW HITPOINT WARNING * * *
You are lethally poisoned!
You feel yourself slow down.
You can move again.
Unknown command.
You feel much better.
You feel very sick. The hornet stings you!
* * * LOW HITPOINT WARNING * * *
You feel as though you will be slow longer.
You block the hornet's attack.
You feel better. The hornet stings you.
* * * LOW HITPOINT WARNING * * *
You are poisoned.
You shrug off the repeated paralysis!
The hornet stings you!
* * * LOW HITPOINT WARNING * * *
You feel as though you will be slow longer.
Unknown command.
You slash the hornet!
The hornet is heavily wounded.
* * * LOW HITPOINT WARNING * * *
You feel very sick. The hornet stings you!
You die...

#.#####.##.#......
)... ...# #.#
#.##.#..#### ###.#
##.# #.#
#.##.#..#### .#
#.# #.##.....[..
.. #.#
#.......####
#.#####..........#
#.............##.#
################.#
#@# #y# #5# #..
###


You could see a hornet and a white imp.

Vanquished Creatures
  A two-headed ogre (D:7)
  Sigmund (D:2)
  A yak (D:8)
  A steam dragon (D:7)
  3 black bears
  4 ice beasts
  4 ogres
  3 centaurs
  A kobold brigand (D:7)
  3 bullfrogs
  A gnoll sergeant (D:7)
  2 scorpions
  A howler monkey (D:8)
  3 electric eels
  2 bombardier beetles
  3 hounds
  5 orc priests
  2 iguanas
  A jelly (D:5)
  5 orc wizards
  A centaur simulacrum (D:8)
  6 gnolls
  4 adders
  A river rat (D:6)
  A white imp (D:6)
  8 ufetubi
  A dart slug (D:2)
  4 ribbon worms
  25 orcs
  9 ball pythons
  6 bats
  6 endoplasms
  7 giant cockroaches
  6 goblins
  5 hobgoblins
  2 quokkas
  3 frilled lizards
  12 kobolds
  4 rats
158 creatures vanquished.

Vanquished Creatures (others)
  An orc wizard (D:8)
  An orc (D:8)
2 creatures vanquished.

Grand Total: 160 creatures vanquished

Notes
Turn   | Place    | Note
-------+----------+-------------------------------------------
     0 | D:1      | apoch the Hill Orc Fighter began the quest for the Orb.
     0 | D:1      | Reached XP level 1. HP: 19/19 MP: 1/1
    78 | D:1      | Reached skill level 3 in Axes
   140 | D:1      | Reached XP level 2. HP: 16/26 MP: 2/2
   473 | D:1      | Reached skill level 4 in Axes
   846 | D:2      | Reached XP level 3. HP: 28/31 MP: 3/3
   871 | D:2      | Noticed Sigmund
   879 | D:2      | Killed Sigmund
   880 | D:2      | Reached skill level 7 in Axes
   880 | D:2      | Reached XP level 4. HP: 15/39 MP: 4/4
   880 | D:2      | Reached XP level 5. HP: 17/45 MP: 5/5
  1253 | D:2      | Found Xaonnaesm's Book Shop.
  1466 | D:2      | Identified the +1 pair of gloves "Isabef" {+Blink rElec}
  1733 | D:3      | You fall into a shaft and drop 3 floors!
  1739 | D:5      | Entered Level 5 of the Dungeon
  1739 | D:5      | Noticed an ogre
  1747 | D:5      | Killed an ogre
  1748 | D:5      | Reached skill level 8 in Axes
  1748 | D:5      | Reached XP level 6. HP: 23/51 MP: 6/6
  1896 | D:5      | Reached skill level 9 in Axes
  2313 | D:3      | Reached XP level 7. HP: 57/57 MP: 7/7
  2442 | D:3      | Found a roughly hewn altar of Beogh.
  2442 | D:3      | Found the +7 staff of the Meek {protect, meekguard}
  2447 | D:3      | Reached skill level 10 in Axes
  2678 | D:3      | Found a burning altar of Makhleb.
  3202 | D:4      | Reached skill level 11 in Axes
  4053 | D:5      | Reached XP level 8. HP: 60/67 MP: 8/8
  4241 | D:5      | Reached skill level 5 in Fighting
  4715 | D:6      | Reached skill level 12 in Axes
  5463 | D:7      | Found a staircase to the Ecumenical Temple.
  5476 | D:7      | Reached XP level 9. HP: 33/79 MP: 9/9
  5595 | Temple   | Entered the Ecumenical Temple
  5622 | Temple   | Became a worshipper of Qazlal Stormbringer
  5734 | D:7      | Reached skill level 1 in Invocations
  5861 | D:7      | Noticed a two-headed ogre
  5870 | D:7      | Killed a two-headed ogre
  6161 | D:7      | Reached skill level 5 in Invocations
  7198 | D:8      | Reached XP level 10. HP: 87/93 MP: 13/15
  7266 | D:8      | Reached * piety under Qazlal
  7297 | D:8      | Reached skill level 10 in Fighting
  7439 | D:8      | Reached skill level 5 in Armour
  7659 | D:8      | Paralysed by a hornet for 1 turns
  7667 | D:8      | Paralysed by a hornet for 3 turns
  7669 | D:8      | HP: 3/93 [hornet (4)]
  7672 | D:8      | Slain by a hornet

Illustrated notes

Levels and vault maps discovered:
D:1:      dpeg_arrival_three_same_balls, layout_basic, nrook_mini_vaults
D:2:      layout_loops_cross, serial_shops, nicolae_square_shop, uniq_sigmund
D:3:      layout_rooms, lightli_temple_of_fire, grunt_ministairs_13,
          pf_guarded_unrand_meek
D:4:      layout_basic
D:5:      layout_cave_pods, minmay_between
D:6:      layout_loops_cross, portal_sewer_entry_a, serial_bayou_ford_a
D:7:      layout_basic, minmay_temple_entry_drinking_statues
D:8:      layout_loops_ring, serial_ice, serial_ice_f, serial_ice_m,
          serial_ice_l, serial_ice_d, serial_ice_n, serial_ice_g
Temple:   sentei_temple_godly_chess

Skill      XL: |  1  2  3  4  5  6  7  8  9 10 |
---------------+-------------------------------+-----
Axes           | 3 4 7 8 9 11 12 | 12.9
Fighting       | 4 7 9 10 | 10.0
Invocations    | 6 7 |  7.3
Armour         | 4 5 |  5.1
Shields        | |  3.2

Action                     |  1- 3 |  4- 6 |  7- 9 | 10-12 || total
---------------------------+-------+-------+-------+-------++-------
  Melee: War axe           |    71 |   110 |   299 |    36 ||   516
  Throw: Stone             |    10 |    21 |    12 |       ||    43
         Boomerang         |       |       |    10 |       ||    10
    Use: Potion            |     1 |       |     1 |     3 ||     5
         Scroll            |       |     8 |    14 |       ||    22
 Armour: Scale mail        |    56 |    11 |       |       ||    67
         Chain mail        |       |    58 |   274 |    48 ||   380
  Dodge: Dodged            |    49 |    24 |   114 |    19 ||   206
  Block: Buckler           |    15 |    19 |    54 |     8 ||    96
